 Dungeon Crawl Stone Soup version 0.26-a0-660-gc07710193c (webtiles) character file.

Game seed: 5555811439957729160

1071 Decritt the Grasshopper (level 8, 63/63 HPs)
             Began as a Gnoll Warper on Oct 6, 2020.
             Quit the game on level 6 of the Dungeon.
             The game lasted 00:24:34 (6711 turns).

Decritt the Grasshopper (Gnoll Warper)              Turns: 6711, Time: 00:24:35

Health: 63/63      AC:  8    Str: 15    XL:     8   Next: 28%
Magic:  16/16      EV: 13    Int: 17    God:
Gold:   194        SH:  0    Dex: 14    Spells: 16/18 levels left

rFire    + . .     SeeInvis .   a - +0 long sword (pain)
rCold    . . .     Faith    .   (no shield)
rNeg     . . .     Spirit   .   q - +1 ring mail
rPois    .         Reflect  .   f - +2 hat
rElec    .         Harm     .   (no cloak)
rCorr    .         Rampage  .   (no gloves)
MR       .....                  (no boots)
Stlth    ++........             (no amulet)
HPRegen  0.20/turn              g - ring of protection from fire
MPRegen  0.15/turn              (no ring)

@: no status effects
A: distributed training, fangs 1, strong nose
a: no special abilities


You were on level 6 of the Dungeon.
You visited 1 branch of the dungeon, and saw 6 of its levels.

You collected 194 gold pieces.

Inventory:

Hand Weapons
 a - a +0 long sword of pain (weapon)
 b - a +0 hand crossbow
 s - a +1 flail of holy wrath
Missiles
 p - 78 stones (quivered)
 x - 46 bolts
Armour
 f - a +2 hat (worn)
 q - a +1 ring mail (worn)
 t - a +0 leather armour
Magical Staves
 B - an uncursed staff of conjuration
Jewellery
 g - a ring of protection from fire (left hand)
Wands
 l - a wand of iceblast (13)
 y - a wand of acid (9)
Scrolls
 d - 2 scrolls of blinking
 e - a scroll of teleportation
 i - 3 scrolls of enchant armour
 j - a scroll of fog {unknown}
 v - a scroll of immolation {unknown}
 z - a scroll of random uselessness {unknown}
 A - a scroll of amnesia {unknown}
 C - a scroll of enchant weapon {unknown}
 D - a scroll of fear {unknown}
Potions
 c - a potion of magic {unknown}
 h - 3 potions of brilliance
 k - a potion of heal wounds {unknown}
 m - 2 potions of lignification {unknown}
 n - 2 potions of haste
 o - a potion of flight {unknown}
 w - a potion of invisibility {unknown}


   Skills:
 + Level 5.6 Fighting
 + Level 5.6 Short Blades
 + Level 3.1 Long Blades
 + Level 3.1 Axes
 + Level 3.1 Maces & Flails
 + Level 3.1 Polearms
 + Level 3.1 Staves
 + Level 3.1 Slings
 + Level 3.1 Bows
 + Level 3.1 Crossbows
 + Level 4.1 Throwing
 + Level 4.1 Armour
 + Level 5.6 Dodging
 + Level 3.1 Stealth
 + Level 3.1 Shields
 + Level 3.1 Unarmed Combat
 + Level 5.9 Spellcasting
 + Level 2.5 Conjurations
 + Level 2.5 Hexes
 + Level 2.5 Summonings
 + Level 2.5 Necromancy
 + Level 6.0 Translocations
 + Level 2.5 Transmutations
 + Level 2.5 Fire Magic
 + Level 2.5 Ice Magic
 + Level 2.5 Air Magic
 + Level 2.5 Earth Magic
 + Level 2.5 Poison Magic
 + Level 3.4 Invocations
 + Level 3.1 Evocations


You had 16 spell levels left.
You knew the following spells:

 Your Spells              Type           Power        Failure   Level
a - Blink                 Tloc           N/A          3%          2

Your spell library contained the following spells:

 Spells                   Type           Power        Failure   Level
 Gell's Gravitas          Tloc           ####......   6%          3
 Lesser Beckoning         Tloc           ####......   6%          3
 Teleport Other           Tloc           ####....     6%          3
 Passage of Golubria      Tloc           N/A          19%         4


Dungeon Overview and Level Annotations

Branches:
Dungeon (6/15)
 Temple: D:4-7

Altars:
Cheibriados
Dithmenos
Makhleb

Shops:
D:4 [   D:6 :


Innate Abilities, Weirdness & Mutations

Your experience applies equally to all skills.
You have very sharp teeth.
Your uncanny sense of smell can sniff out nearby items.


Message History

The worker ant is severely wounded.
The worker ant closely misses you.
You riposte.
You hit the worker ant.
The worker ant writhes in agony.
You kill the worker ant!
No target in view!
HP restored.
p - 71 stones (gained 1)
p - 72 stones (gained 1)
p - 73 stones (gained 1)
p - 74 stones (gained 1)
p - 77 stones (gained 3)
p - 78 stones (gained 1)
x - 46 bolts (gained 15)
You open the door.
Found Dicryeg's Book Shoppe.
Unknown command.
Unknown command.
There is an open door here.
There is an entrance to Dicryeg's Book Shoppe here.
Are you sure you want to abandon this character and quit the game? (Confirm with "yes".)

# ### #. #.# .
#.#####. ##..##..# ##
##..##...# #. ##
#+###..##....# ##
...+@'....#...#.# #
...#+#..........## ##
...........##.†..# #.
...........##....###.
..................#..
............#........
.............#..####.
...............## ##
..............## #


There were no monsters in sight!

Vanquished Creatures
  Grinder (D:3)
  2 ogres
  A centaur (D:5)
  A howler monkey (D:5)
  2 hounds (D:4)
  2 orc priests (D:3)
  A centaur skeleton (D:4)
  A bullfrog skeleton (D:5)
  3 orc wizards
  An iguana (D:5)
  3 worker ants
  Ijyb (D:3)
  A hound skeleton (D:2)
  A worker ant zombie (D:6)
  3 adders
  A shadow imp (D:5)
  2 ufetubi
  3 oozes
  5 leopard geckos
  31 orcs
  4 giant cockroaches
  11 goblins
  11 hobgoblins
  4 jackals (D:5)
  9 kobolds
  2 quokkas (D:3)
  A ball python (D:4)
  5 bats
  5 frilled lizards
  5 rats
123 creatures vanquished.

Notes
Turn   | Place    | Note
-------+----------+-------------------------------------------
     0 | D:1      | Decritt the Gnoll Warper began the quest for the Orb.
     0 | D:1      | Reached XP level 1. HP: 20/20 MP: 6/6
   148 | D:1      | Reached XP level 2. HP: 7/26 MP: 7/7
   656 | D:1      | Reached XP level 3. HP: 31/31 MP: 9/9
   658 | D:1      | Reached skill level 5 in Spellcasting
   969 | D:1      | Learned a level 2 spell: Blink
  1169 | D:2      | Reached skill level 1 in Invocations
  1222 | D:2      | Reached skill level 1 in Long Blades
  1222 | D:2      | Reached skill level 1 in Axes
  1222 | D:2      | Reached skill level 1 in Maces & Flails
  1222 | D:2      | Reached skill level 1 in Polearms
  1222 | D:2      | Reached skill level 1 in Staves
  1222 | D:2      | Reached skill level 1 in Slings
  1222 | D:2      | Reached skill level 1 in Bows
  1222 | D:2      | Reached skill level 1 in Crossbows
  1222 | D:2      | Reached skill level 1 in Stealth
  1222 | D:2      | Reached skill level 1 in Shields
  1222 | D:2      | Reached skill level 1 in Unarmed Combat
  1222 | D:2      | Reached skill level 1 in Evocations
  1625 | D:2      | Reached XP level 4. HP: 36/38 MP: 11/11
  2199 | D:3      | Reached skill level 1 in Conjurations
  2199 | D:3      | Reached skill level 1 in Hexes
  2199 | D:3      | Reached skill level 1 in Summonings
  2199 | D:3      | Reached skill level 1 in Necromancy
  2199 | D:3      | Reached skill level 1 in Transmutations
  2199 | D:3      | Reached skill level 1 in Fire Magic
  2199 | D:3      | Reached skill level 1 in Ice Magic
  2199 | D:3      | Reached skill level 1 in Air Magic
  2199 | D:3      | Reached skill level 1 in Earth Magic
  2199 | D:3      | Reached skill level 1 in Poison Magic
  2378 | D:3      | Reached XP level 5. HP: 42/43 MP: 12/12
  2872 | D:3      | Noticed Ijyb
  2885 | D:3      | Killed Ijyb
  2885 | D:3      | Reached XP level 6. HP: 37/50 MP: 13/13
  3011 | D:3      | Noticed Grinder
  3024 | D:3      | Killed Grinder
  3024 | D:3      | Reached skill level 5 in Fighting
  3024 | D:3      | Reached skill level 5 in Short Blades
  3024 | D:3      | Reached skill level 5 in Dodging
  3055 | D:3      | Found a shadowy altar of Dithmenos.
  3055 | D:3      | Found a burning altar of Makhleb.
  3118 | D:3      | Reached XP level 7. HP: 56/56 MP: 15/15
  4214 | D:4      | Found Puphob's Antique Armour Boutique.
  4462 | D:5      | Entered Level 5 of the Dungeon
  4487 | D:5      | Found a snail-covered altar of Cheibriados.
  5417 | D:5      | Found a shadowy altar of Dithmenos.
  5744 | D:5      | Reached skill level 6 in Translocations
  5744 | D:5      | Reached XP level 8. HP: 57/63 MP: 16/16
  6708 | D:6      | Found Dicryeg's Book Shoppe.
  6711 | D:6      | Quit the game

Illustrated notes

Levels and vault maps discovered:
D:1:      dpeg_arrival_central, layout_basic
D:2:      layout_basic, lightli_corner_chamber
D:3:      layout_basic, gammafunk_temple_overflow_elements,
          guppyfry_early_orc_mine, uniq_grinder, uniq_ijyb
D:4:      layout_basic, serial_shops, nicolae_shop_overgrown_old_shop
D:5:      layout_basic, cheibriados_altar_1, grunt_dithmenos_smoke
D:6:      layout_layer_cave, serial_shops, nicolae_shop_behind_doors

Skill      XL: |  1  2  3  4  5  6  7  8 |
---------------+-------------------------+-----
Spellcasting   | 5 |  5.9
Invocations    | 1 2 3 |  3.4
Long Blades    | 1 2 3 |  3.1
Axes           | 1 2 3 |  3.1
Maces & Flails | 1 2 3 |  3.1
Polearms       | 1 2 3 |  3.1
Staves         | 1 2 3 |  3.1
Slings         | 1 2 3 |  3.1
Bows           | 1 2 3 |  3.1
Crossbows      | 1 2 3 |  3.1
Stealth        | 1 2 3 |  3.1
Shields        | 1 2 3 |  3.1
Unarmed Combat | 1 2 3 |  3.1
Evocations     | 1 2 3 |  3.1
Conjurations   | 1 2 |  2.5
Hexes          | 1 2 |  2.5
Summonings     | 1 2 |  2.5
Necromancy     | 1 2 |  2.5
Transmutations | 1 2 |  2.5
Fire Magic     | 1 2 |  2.5
Ice Magic      | 1 2 |  2.5
Air Magic      | 1 2 |  2.5
Earth Magic    | 1 2 |  2.5
Poison Magic   | 1 2 |  2.5
Throwing       | 3 4 |  4.1
Armour         | 3 4 |  4.1
Fighting       | 5 |  5.6
Short Blades   | 5 |  5.6
Dodging        | 5 |  5.6
Translocations | 6 |  6.0

Action                   |  1- 3 |  4- 6 |  7- 9 || total
-------------------------+-------+-------+-------++-------
Melee: Short sword       |    86 |    54 |       ||   140
       Bite              |     8 |     8 |    23 ||    39
       Morningstar       |       |    65 |    22 ||    87
       Mace              |       |       |    33 ||    33
       Long sword        |       |       |    74 ||    74
 Fire: Hand crossbow     |       |       |     7 ||     7
Throw: Boomerang         |     5 |       |       ||     5
       Stone             |       |    89 |   145 ||   234
 Cast: Blink             |     1 |       |       ||     1
  Use: Scroll            |       |       |     6 ||     6
       Potion            |       |       |     1 ||     1
Armor: Leather armour    |     9 |     5 |       ||    14
       Ring mail         |       |    23 |    55 ||    78
Dodge: Dodged            |    55 |    82 |   134 ||   271
       Rpst.: Long sword |       |       |    22 ||    22

Table legend: (Time is in decaauts)
 A = Elapsed time spent in this place.
 B = Non-inter-level travel time spent in this place.
 C = Inter-level travel time spent in this place.
 D = Time resting spent in this place.
 E = Time spent auto-exploring this place.
 F = Levels seen in this place.
 G = Mean time per level.
                   A        B        C        D        E       F      G
               +--------+--------+--------+--------+--------+-----+--------+
         Total |   6738 |   6584 |    154 |    994 |   4434 |   6 | 1123.0 |
       Dungeon |   6738 |   6584 |    154 |    994 |   4434 |   6 | 1123.0 |
               +--------+--------+--------+--------+--------+-----+--------+

Top non-repeatable levels by time:
     D:5: 2114 daAuts
     D:3: 1572 daAuts
     D:2: 1182 daAuts
     D:1: 994 daAuts
     D:4: 728 daAuts
     D:6: 146 daAuts
